 Dungeon Crawl Stone Soup version 0.30-a0-568-g124715a40b (webtiles) character file.

Game seed: 14526067660985463663

51 arthad the Digger (level 3, -1/19 HPs)
             Began as a Gargoyle Earth Elementalist on Dec 29, 2022.
             Was a Believer of Qazlal.
             Slain by Terence
             ... wielding a +0 flail
              (6 damage)
             ... on level 2 of the Dungeon.
             The game lasted 00:03:28 (1193 turns).

arthad the Digger (Gargoyle Earth Elementalist)     Turns: 1193, Time: 00:03:29

Health: -1/19      AC:  5    Str: 11    XL:     3   Next: 83%
Magic:  5/15       EV: 12    Int: 17    God:    Qazlal [**....]
Gold:   48         SH:  2    Dex: 10    Spells: 6/7 levels left

rFire   . . .      SeeInvis .    (no weapon)
rCold   . . .      Faith    .    (no shield)
rNeg    + . .      Spirit   .    a - +0 robe
rPois   ∞          Reflect  .    (no helmet)
rElec   +          Harm     .    (no cloak)
rCorr   .          Rampage  .    (no gloves)
Will    .....                    (no boots)
Stlth   ++                       (no amulet)
HPRegen 0.23/turn                i - ring of magical power
MPRegen 0.14/turn                (no ring)

@: no status effects
A: sickness immunity, AC +3, negative energy resistance 1, electricity
resistance, torment resistance 1, petrification resistance
a: Renounce Religion, Upheaval


You were on level 2 of the Dungeon.
You worshipped Qazlal.
Qazlal was pleased with you.
You visited 1 branch of the dungeon, and saw 2 of its levels.

You collected 48 gold pieces.

Inventory:

Missiles
 h - 3 poisoned darts
Armour
 a - a +0 robe (worn)
Jewellery
 i - a ring of magical power (left hand)
Scrolls
 d - 3 scrolls of blinking {unknown}
 g - 2 scrolls of noise {unknown}
 j - a scroll of identify {unknown}
Potions
 b - a potion of magic
 c - 2 potions of haste {unknown}
 e - a potion of flight {unknown}
 f - a potion of degeneration {unknown}


   Skills:
 + Level 0.3 Fighting
 + Level 0.2 Armour
 + Level 1.8 Dodging
 + Level 2.8 Stealth
 * Level 2.6 Spellcasting
 - Level 1.0 Transmutations
 * Level 4.1 Earth Magic
 * Level 0.9 Invocations


You had 6 spell levels left.
You knew the following spells:

 Your Spells              Type           Power      Damage    Failure   Level
a - Sandblast             Erth           32%        2d9       3%          1

Your spell library contained the following spells:

 Spells                   Type           Power      Damage    Failure   Level
 Passwall                 Tmut/Erth      8%         N/A       10%         2
 Stone Arrow              Conj/Erth      18%        3d8       24%         3
 Gell's Gravitas          Tloc           2%         N/A       50%         3
 Lesser Beckoning         Tloc           4%         N/A       50%         3
 Teleport Other           Tloc           2%         N/A       50%         3
 Petrify                  Tmut/Erth      10%        N/A       54%         4


Dungeon Overview and Level Annotations

Branches:
Dungeon (2/15)

Altars:
Qazlal

Annotations:
D:2 Terence


Innate Abilities, Weirdness & Mutations

You are immune to sickness and miasma.
Your stone body is resilient. (AC +3)
You are immune to poison.
You resist negative energy. (rN+)
You are resistant to electric shocks. (rElec)
You are resistant to unholy torment.
You are immune to petrification.


Message History

You block Terence's attack. Terence hits you with a +0 flail!
The worm closely misses you.
The blast of sand hits the worm!
You kill the worm!
Qazlal accepts your kill. Terence barely misses you.
The blast of sand hits Terence but does no damage.
Terence barely misses you. Terence hits you with a +0 flail.
The blast of sand hits Terence but does no damage.
Terence asks, "Do you want it fast or slow?"
You block Terence's attack.
The blast of sand hits Terence but does no damage.
Terence screams, "I want your blood!" Terence barely misses you. x2
The blast of sand misses Terence.
Terence hits you with a +0 flail.
You are too injured to fight recklessly!
You are too injured to fight recklessly!
You are too injured to fight recklessly!
You are too injured to fight recklessly!
Aiming: Sandblast (safe; 3% risk of failure)
Press: ? - help, Q - select action, (/) - cycle Shift-Dir - straight line, f/p - Terence
Aim: Terence, wielding a +0 flail and wearing a +0 scale mail (84% to hit)
The blast of sand hits Terence.
Terence is lightly wounded.
Terence closely misses you. Terence barely misses you.
Aiming: Sandblast (safe; 3% risk of failure)
Press: ? - help, Q - select action, (/) - cycle Shift-Dir - straight line, f/p - Terence
Aim: Terence, wielding a +0 flail and wearing a +0 scale mail (lightly wounded, 84% to hit)
The blast of sand hits Terence but does no damage.
Terence is lightly wounded.
Terence misses you.
Aiming: Sandblast (safe; 3% risk of failure)
Press: ? - help, Q - select action, (/) - cycle Shift-Dir - straight line, f/p - Terence
Aim: Terence, wielding a +0 flail and wearing a +0 scale mail (lightly wounded, 84% to hit)
The blast of sand hits Terence.
Terence is moderately wounded.
Terence hits you with a +0 flail.
* * * LOW HITPOINT WARNING * * *
Terence hits you with a +0 flail.
You die...

##.........##..........#
...###...###...########.#
..####>.......## .#
....##.#......# .#
#.#.##.#####.## #
#.#.##.# #...# # .......#
#...# ##.##.# .##.##.#
#...###@...... ..#.#
#.....@†...... ....#
............#..... #####
...............#..
............#....
.####....##.#.##.. #...<.
.... . #...## ##.## #...#
..


You could see Terence.

Vanquished Creatures
  A worm (D:2)
  A dart slug (D:1)
  6 ball pythons
  7 bats (D:1)
  2 endoplasms
  2 giant cockroaches (D:1)
  2 goblins
  5 hobgoblins
  2 jackals (D:1)
  3 quokkas
  A frilled lizard (D:1)
  4 kobolds (D:1)
  5 rats (D:1)
41 creatures vanquished.

Notes
Turn   | Place    | Note
-------+----------+-------------------------------------------
     0 | D:1      | arthad the Gargoyle Earth Elementalist began the quest for
                  | the Orb.
     0 | D:1      | Reached XP level 1. HP: 10/10 MP: 3/3
    80 | D:1      | Reached XP level 2. HP: 15/15 MP: 0/5
   156 | D:1      | Reached skill level 1 in Transmutations
   314 | D:1      | Found a faded altar of an unknown god.
   335 | D:1      | Prayed at the altar of an unknown god.
   335 | D:1      | Became a worshipper of Qazlal Stormbringer
   335 | D:1      | Reached * piety under Qazlal
   384 | D:1      | Reached skill level 4 in Earth Magic
   472 | D:1      | Reached XP level 3. HP: 18/19 MP: 1/6
   766 | D:1      | Reached ** piety under Qazlal
  1179 | D:2      | Noticed Terence
  1193 | D:2      | Slain by Terence

Illustrated notes

Levels and vault maps discovered:
D:1:      tarquinn_simple_flora_water_e, layout_basic,
          hellmonk_ecumenical_altar_run_dry
D:2:      layout_loops_cross, amethyst_killhole, chequers_serial_rivers_room_b,
          uniq_terence

Skill      XL: |  1  2 |
---------------+-------+-----
Transmutations | 1 |  1.0
Earth Magic    | 4 |  4.1
Fighting       | |  0.3
Armour         | |  0.2
Dodging        | |  1.8
Stealth        | |  2.8
Spellcasting   | |  2.6
Invocations    | |  0.9

Action                   || total
-------------------------++-------
Melee: Unarmed           ||    44
       Punch             ||     1
 Cast: Sandblast         ||    64
  Use: Scroll            ||     3
Armor: Robe              ||    39
Dodge: Dodged            ||    72
Block: Other             ||     2

Table legend: (Time is in decaauts)
 A = Elapsed time spent in this place.
 B = Non-inter-level travel time spent in this place.
 C = Inter-level travel time spent in this place.
 D = Time resting spent in this place.
 E = Time spent auto-exploring this place.
 F = Levels seen in this place.
 G = Mean time per level.
                   A        B        C        D        E       F      G
               +--------+--------+--------+--------+--------+-----+--------+
         Total |   1223 |   1191 |     32 |     53 |    860 |   2 |  611.5 |
       Dungeon |   1223 |   1191 |     32 |     53 |    860 |   2 |  611.5 |
               +--------+--------+--------+--------+--------+-----+--------+

Top non-repeatable levels by time:
     D:1: 1012 daAuts
     D:2: 211 daAuts
